 Dungeon Crawl Stone Soup version 0.29-a0-322-g68df515428 (webtiles) character file.

Game seed: 17107056229561701976

76339 EriolAelfwine the Severer (level 15, -8/139 (141) HPs)
             Began as a Deep Dwarf Fighter on Apr 5, 2022.
             Was the Champion of Makhleb.
             Killed by divine providence
             ... invoked by Saint Roka
              (14 damage)
             ... on level 2 of the Orcish Mines.
             The game lasted 00:49:33 (15825 turns).

EriolAelfwine the Severer (Deep Dwarf Fighter)     Turns: 15825, Time: 00:49:34

HP:   -8/139 (141)  AC: 20    Str: 31    XL:     15   Next: 12%
MP:   4/4           EV: 10    Int: 14    God:    Makhleb [******]
Gold: 2387          SH: 17    Dex: 12    Spells: 14/14 levels left

rFire   . . .      SeeInvis .   c - +5 broad axe (freeze)
rCold   . . .      Faith    .   s - +0 tower shield
rNeg    + . .      Spirit   .   E - +0 plate armour
rPois   .          Reflect  .   K - +1 helmet {Int+3}
rElec   .          Harm     .   N - +2 cloak
rCorr   .          Rampage  .   u - +0 pair of gloves
Will    ++...                   R - +0 pair of boots
Stlth   ..........              (no amulet)
HPRegen 0.00/turn               f - +4 ring of evasion
MPRegen 0.09/turn               o - +6 ring of strength

@: lethally poisoned (-8 -> -8), lightly drained
A: damage resistance, heal wounds, negative energy resistance 1, sense
surroundings 2, no regeneration, deformed body
a: Heal Wounds, Renounce Religion, Minor Destruction, Lesser Servant of Makhleb,
Major Destruction, Greater Servant of Makhleb


You were on level 2 of the Orcish Mines.
You worshipped Makhleb.
Makhleb was exalted by your worship.
You visited 4 branches of the dungeon, and saw 21 of its levels.
You also visited: Bailey.

You collected 3063 gold pieces.
You spent 676 gold pieces at shops.

Inventory:

Hand Weapons
 c - a +5 broad axe of freezing (weapon)
 J - the +9 mace of the Forsaken Wars {speed, rF- rC+ Will++}
   (You found it on level 6 of the Lair of Beasts)

   Attacks with this weapon are significantly faster.
   rF:        It makes you vulnerable to fire.
   rC:        It protects you from cold.
   Will:      It greatly increases your willpower.
Missiles
 q - a throwing net
Armour
 s - a +0 tower shield (worn)
 u - a +0 pair of gloves (worn)
 E - a +0 plate armour (worn)
 K - a +1 helmet of intelligence (worn)
 N - a +2 cloak (worn)
 P - +0 ice dragon scales
 R - a +0 pair of boots (worn)
 S - +0 fire dragon scales
Jewellery
 f - a +4 ring of evasion (left hand)
 m - a ring of protection from fire
 o - a +6 ring of strength (right hand)
 y - a ring of positive energy
 I - a +6 ring of intelligence
 M - a ring of flight
Wands
 n - a wand of iceblast (9)
 L - a wand of flame (14)
 O - a wand of polymorph (3)
 T - a wand of acid (4)
Scrolls
 b - a scroll of holy word
 e - 3 scrolls of amnesia
 j - 3 scrolls of summoning {unknown}
 r - 3 scrolls of fear
 w - 3 scrolls of magic mapping
 z - a scroll of vulnerability {unknown}
 A - 11 scrolls of teleportation
 B - 4 scrolls of blinking
 C - 5 scrolls of immolation
 F - a scroll of torment {unknown}
 Q - 2 scrolls of enchant armour {unknown}
 V - a scroll of silence {unknown}
Potions
 a - a potion of ambrosia
 d - 2 potions of might
 g - 3 potions of lignification
 h - 12 potions of curing
 i - 4 potions of berserk rage
 k - 6 potions of brilliance
 l - 3 potions of heal wounds
 p - 2 potions of haste
 t - 4 potions of cancellation
 v - 2 potions of resistance
 x - 4 potions of attraction
 D - a potion of flight
 G - a potion of mutation
 U - a potion of magic
Miscellaneous
 H - a condenser vane


   Skills:
 + Level 11.0 Fighting
 * Level 17.6 Axes
 + Level 13.0 Armour
 + Level 13.1 Shields
 + Level 12.7 Invocations


You had 14 spell levels left.
You didn't know any spells.
Your spell library contained the following spells:

 Spells                   Type           Power      Damage    Failure   Level
 Summon Small Mammal      Summ           0%         N/A       100%        1
 Corpse Rot               Necr/Air       0%         N/A       100%        2
 Poisonous Vapours        Pois/Air       0%         N/A       100%        2
 Call Canine Familiar     Summ           0%         N/A       100%        3
 Dazzling Flash           Conj/Hex       0%         N/A       100%        3
 Summon Guardian Golem    Hex/Summ       0%         N/A       100%        3
 Iskenderun's Mystic Bla  Conj/Tloc      0%         2d3       100%        4
 Petrify                  Tmut/Erth      0%         N/A       100%        4
 Blade Hands              Tmut           0%         N/A       100%        5
 Freezing Cloud           Conj/Ice/Air   0%         6-21      100%        5
 Irradiate                Conj/Tmut      0%         3d13      100%        5
 Metabolic Englaciation   Hex/Ice        0%         N/A       100%        5
 Summon Forest            Summ/Tloc      0%         N/A       100%        5
 Conjure Ball Lightning   Conj/Air       0%         3x3d6     100%        6
 Eringya's Noxious Bog    Tmut/Pois      0%         N/A       100%        6
 Simulacrum               Ice/Necr       0%         N/A       100%        6
 Starburst                Conj/Fire      0%         6d3       100%        6
 Statue Form              Tmut/Erth      0%         N/A       100%        6
 Dragon Form              Tmut           0%         N/A       100%        7
 Orb of Destruction       Conj           0%         9d5       100%        7
 Spellforged Servitor     Conj/Summ      0%         N/A       100%        7
 Summon Hydra             Summ           0%         N/A       100%        7
 Discord                  Hex            0%         N/A       100%        8
 Disjunction              Tloc           0%         N/A       100%        8
 Polar Vortex             Ice            0%         N/A       100%        9


Dungeon Overview and Level Annotations

Branches:
Dungeon (12/15)            Temple (1/1) D:5            Lair (6/6) D:10
  Swamp (0/4) Lair:2       Spider (0/4) Lair:2        Slime (0/5) Lair:5
    Orc (2/2) D:12            Elf (0/3) Orc:2        Bailey (visited)

Altars:
Dithmenos
Elyvilon
Fedhas
Gozag
Hepliaklqana
Makhleb
Nemelex Xobeh
Okawaru
Qazlal
Sif Muna
Trog
Uskayaw
Vehumet
Wu Jian
Yredelemnul
The Shining One

Shops:
D:3 =   D:6 *   D:9 ?*(

Annotations:
Lair:4 exclusion: 3 oklob plants
Lair:5 exclusion: oklob plant
Orc:2 Saint Roka


Innate Abilities, Weirdness & Mutations

You are resistant to damage.
You can heal yourself by infusing magical energy.
You resist negative energy. (rN+)
You passively map the area around you.
You do not regenerate.
Armour fits poorly on your strangely shaped body.


Message History

* * * LOW HITPOINT WARNING * * *
You hear a shout!
You barely miss the orc high priest.
The orc high priest is lightly wounded.
You completely miss the ice devil.
The orc knight shouts!
The orc shouts!
You block the ice devil's attack.
Saint Roka calls down the wrath of Beogh upon you.
Beogh smites you!
* * * LOW HITPOINT WARNING * * *
You block the orc high priest's attack.
You hear a shout! x2
You feel much better.
You hear a shout!
The ice devil hits you. The ice devil freezes you!
* * * LOW HITPOINT WARNING * * *
The orc warrior hits you but does no damage.
You are poisoned.
An orc warrior comes into view. It is wielding a +0 short sword.
The orc knight roars a battlecry!
Saint Roka goes into a battle-frenzy!
The ice devil hits you!
* * * LOW HITPOINT WARNING * * *
The ice devil freezes you!
* * * LOW HITPOINT WARNING * * *
Saint Roka calls down the wrath of Beogh upon you.
Beogh smites you!
* * * LOW HITPOINT WARNING * * *
A warg comes into view.
The orc warrior shouts!
You hear a shout!
The ice devil misses you.
An orc warrior comes into view. It is wielding a +0 war axe.
You block the orc warrior's attack.
An orc warrior comes into view. It is wielding a +0 short sword.
You block the orc warrior's attack.
The orc knight roars a battlecry!
The ice devil hits you but does no damage.
Saint Roka mumbles some strange prayers to Beogh against you.
Beogh smites you!
You die...

,, * 8 ** , #....)#.. ,
, , ###..).). , ,o#,,
#....)). , ,, o.. * ###
##..)... , ,
...######.## #....... ,
,.....8..$..## #.......
, , , .h........#.###
##...... ,
oo....o)).....###.......
,
.o.ooo4@44..........##.#
.....8o)#.##..#....#####
...###########.#...#.###
, . , #.#........ , ,
,,, ,,, * ####....... ,
, , * #....... , **8 , *
,, #....... * ∩ ####....
, ** ###.....


You could see Saint Roka (strong), an orc knight (strong), an orc high priest
(strong), 2 ice devils, a rust devil (summoned), a warg, 6 orc warriors and an
orc (strong).

Vanquished Creatures
  Josephine (Lair:6)
  A fire dragon (Lair:6)
  11 hydras
  An ice dragon (Lair:6)
  A boulder beetle (D:12)
  A tengu warrior (D:11)
  4 two-headed ogres
  9 death yaks
  Urug (Lair:5)
  An orc high priest (Orc:2)
  A deep troll (D:12)
  A fire crab (Lair:5)
  A lindwurm (Lair:6)
  3 orc knights
  3 orc sorcerers
  An ugly thing (D:11)
  3 cyclopes (D:11)
  5 elephants (Lair:6)
  14 black mambas
  3 molten gargoyles (Lair:6)
  An ice statue (Lair:6)
  A gargoyle (D:11)
  3 torpor snails (Lair:6)
  13 cane toads
  17 komodo dragons
  A yaktaur (D:11)
  2 kobold demonologists
  3 rime drakes
  An unseen horror (D:11)
  5 trolls
  4 polar bears
  12 blink frogs
  30 dream sheep
  8 slime creatures (D:12)
  A spriggan (Lair:4)
  6 shadows
  A culicivora (shapeshifter) (D:11)
  43 yaks
  2 steam dragons
  5 wraiths (Lair:6)
  2 fire bats (Lair:5)
  4 wyverns
  6 basilisks
  3 vampire mosquitoes (D:12)
  5 wargs
  14 water moccasins
  2 acid dragons
  4 hell hounds (Lair:6)
  18 orc warriors
  4 sky beasts
  2 black bears (D:7)
  9 ice beasts
  4 ogres
  10 wolves
  5 centaurs
  A phantom (D:5)
  12 kobold brigands
  2 gnoll sergeants
  14 bullfrogs
  7 scorpions
  13 wights
  7 killer bees (D:9)
  2 howler monkeys
  5 electric eels
  5 lava snakes (Lair:6)
  4 hounds
  A jelly (D:6)
  8 orc priests
  4 gnoll shamans
  Crazy Yiuf (D:3)
  15 orc wizards
  3 iguanas
  7 hell rats (Lair:4)
  Natasha (twice) (D:3)
  22 gnolls
  8 adders
  A shadow imp (D:6)
  5 white imps
  2 ufetubi
  4 worms
  4 dart slugs
  52 orcs
  16 ball pythons
  6 endoplasms
  8 giant cockroaches
  13 goblins
  10 hobgoblins
  2 jackals (D:1)
  39 kobolds
  4 quokkas
  5 bats
  A frilled lizard (D:1)
  7 rats
639 creatures vanquished.

Vanquished Creatures (others)
  An orc priest (Orc:2)
  33 fungi
  62 plants
96 creatures vanquished.

Grand Total: 735 creatures vanquished

Notes
Turn   | Place    | Note
-------+----------+-------------------------------------------
     0 | D:1      | EriolAelfwine the Deep Dwarf Fighter began the quest for
                  | the Orb.
     0 | D:1      | Reached XP level 1. HP: 20/20 MP: 1/1
   157 | D:1      | Found a faded altar of an unknown god.
   166 | D:1      | Reached XP level 2. HP: 27/27 MP: 2/2
   516 | D:1      | Reached skill level 3 in Axes
   516 | D:1      | Reached XP level 3. HP: 32/34 MP: 3/3
   900 | D:2      | Reached XP level 4. HP: 39/42 MP: 4/4
  1343 | D:3      | Found a bloodstained altar of Trog.
  1638 | D:3      | Found a white marble altar of Elyvilon.
  1777 | D:3      | Found a runed translucent door.
  1778 | D:3      | Noticed Crazy Yiuf
  1804 | D:3      | Noticed Natasha
  1817 | D:3      | Killed Natasha
  1818 | D:3      | Reached skill level 4 in Axes
  1818 | D:3      | Reached XP level 5. HP: 27/49 MP: 5/5
  2001 | D:3      | Found Raeh's Jewellery Emporium.
  2121 | D:3      | Noticed Natasha
  2132 | D:3      | Killed Natasha
  2281 | D:3      | Killed Crazy Yiuf
  2417 | D:4      | Reached XP level 6. HP: 25/56 MP: 5/5
  2463 | D:4      | Reached skill level 5 in Axes
  3279 | D:5      | Entered Level 5 of the Dungeon
  3284 | D:5      | Reached XP level 7. HP: 48/64 MP: 6/6
  3307 | D:5      | Reached skill level 5 in Armour
  3312 | D:5      | Reached skill level 5 in Shields
  3317 | D:5      | Reached skill level 6 in Axes
  3328 | D:5      | Found a staircase to the Ecumenical Temple.
  3355 | Temple   | Entered the Ecumenical Temple
  3369 | Temple   | Became a worshipper of Makhleb the Destroyer
  3552 | D:5      | Reached XP level 8. HP: 70/73 MP: 7/7
  4092 | D:6      | Reached skill level 7 in Axes
  4154 | D:6      | Found Peskorph's General Store.
  4401 | D:6      | Reached skill level 5 in Fighting
  4805 | D:6      | Noticed a two-headed ogre
  4816 | D:6      | Killed a two-headed ogre
  4817 | D:6      | Reached skill level 8 in Axes
  4817 | D:6      | Gained mutation: You passively map the area around you.
                  | [Deep Dwarf growth]
  4817 | D:6      | Reached XP level 9. HP: 46/81 MP: 8/8
  5166 | D:7      | Reached * piety under Makhleb
  5171 | D:7      | Reached skill level 9 in Axes
  5223 | D:7      | Identified the +2 ring mail "Ojazy" {Harm Slay+5}
  5536 | D:7      | Reached skill level 1 in Invocations
  5718 | D:8      | Found a hazy altar of Hepliaklqana.
  5891 | D:8      | Reached skill level 10 in Axes
  5903 | D:8      | Reached XP level 10. HP: 47/92 MP: 8/10
  6031 | D:8      | Reached ** piety under Makhleb
  6500 | D:9      | Found a flagged portal.
  6555 | Bailey   | Entered a bailey
  6658 | Bailey   | Found a burning altar of Makhleb.
  6745 | D:9      | Found Ifeehir's Magic Scroll Shop.
  6760 | D:9      | Found Wousomed's Assorted Antiques.
  6772 | D:9      | Reached *** piety under Makhleb
  6773 | D:9      | Reached skill level 11 in Axes
  6936 | D:9      | Found Fiuvococ's Antique Weapon Emporium.
  6953 | D:9      | Found a blossoming altar of Fedhas.
  6969 | D:9      | Found a basalt altar of Yredelemnul.
  6969 | D:9      | Found a glowing golden altar of the Shining One.
  7174 | D:9      | Bought a scroll of acquirement for 676 gold pieces
  7176 | D:9      | Acquired a +2 broad axe of freezing
  7199 | D:10     | Entered Level 10 of the Dungeon
  7286 | D:10     | Reached skill level 5 in Invocations
  7450 | D:10     | Found a staircase to the Lair.
  7979 | D:11     | Found a large runed translucent door.
  7981 | D:11     | Found a large runed translucent door.
  7986 | D:11     | Noticed a tengu warrior
  7999 | D:11     | Reached XP level 11. HP: 78/100 MP: 13/13
  8001 | D:11     | Noticed a green ugly thing
  8008 | D:11     | Killed a green ugly thing
  8021 | D:11     | Noticed a fire crab
  8028 | D:11     | a fire crab changed into a salamander
  8074 | D:11     | Found a large runed translucent door.
  8074 | D:11     | Found a large runed translucent door.
  8087 | D:11     | Reached **** piety under Makhleb
  8140 | D:11     | Reached skill level 12 in Axes
  8179 | D:11     | Noticed a two-headed ogre
  8187 | D:11     | Killed a two-headed ogre
  8343 | D:11     | Identified the +2 hand axe "Tuive" {distort, *Rage rC- rN++
                  | Stlth+}
  8676 | D:11     | Noticed a two-headed ogre
  8681 | D:11     | Killed a two-headed ogre
  8726 | D:11     | Noticed an eight-headed hydra
  8734 | D:11     | Killed an eight-headed hydra
  9005 | D:11     | Killed a tengu warrior
  9010 | D:11     | Reached skill level 13 in Axes
  9053 | D:12     | Found a staircase to the Orcish Mines.
  9261 | D:12     | Noticed a deep troll
  9272 | D:12     | Killed a deep troll
  9306 | D:12     | Noticed a two-headed ogre
  9315 | D:12     | Killed a two-headed ogre
  9316 | D:12     | Reached skill level 10 in Shields
  9316 | D:12     | Reached XP level 12. HP: 80/111 MP: 9/9
  9338 | D:12     | Reached skill level 10 in Armour
  9549 | D:12     | Reached ***** piety under Makhleb
  9579 | D:12     | Noticed a boulder beetle
  9606 | D:12     | Killed a boulder beetle
  9775 | Lair:1   | Entered Level 1 of the Lair of Beasts
  9937 | Lair:1   | Reached skill level 14 in Axes
 10476 | Lair:2   | Noticed a four-headed hydra
 10489 | Lair:2   | Killed a four-headed hydra
 10584 | Lair:2   | Found a hole to the Spider Nest.
 10638 | Lair:2   | Reached XP level 13. HP: 112/121 MP: 10/10
 10734 | Lair:2   | Found a staircase to the Swamp.
 11356 | Lair:3   | Reached skill level 15 in Axes
 11356 | Lair:3   | Reached skill level 10 in Invocations
 11968 | Lair:4   | Reached ****** piety under Makhleb
 12001 | Lair:4   | Identified the +0 robe "Loqitergh" {Rampage rPois Int-4}
 12154 | Lair:4   | You fall into a shaft and drop 2 floors!
 12154 | Lair:6   | Entered Level 6 of the Lair of Beasts
 12192 | Lair:6   | Reached skill level 10 in Fighting
 12293 | Lair:6   | Reached skill level 16 in Axes
 12299 | Lair:6   | Gained mutation: You resist negative energy. (rN+) [Deep
                  | Dwarf growth]
 12299 | Lair:6   | Reached XP level 14. HP: 93/132 MP: 7/7
 12621 | Lair:6   | Found a large runed translucent door.
 12621 | Lair:6   | Found a large runed translucent door.
 12758 | Lair:6   | Noticed Josephine
 12770 | Lair:6   | Killed Josephine
 13330 | Lair:6   | Identified the +9 mace of the Forsaken Wars {speed, rF- rC+
                  | Will++}
 13458 | Lair:5   | Noticed Urug
 13469 | Lair:5   | Killed Urug
 13470 | Lair:5   | Reached skill level 17 in Axes
 13490 | Lair:5   | Found a staircase to the Slime Pits.
 15038 | Orc:1    | Entered Level 1 of the Orcish Mines
 15123 | Orc:1    | Found a radiant altar of Vehumet.
 15400 | Orc:1    | Reached XP level 15. HP: 136/140 MP: 4/4
 15517 | Orc:2    | Entered Level 2 of the Orcish Mines
 15646 | Orc:2    | Found a staircase to the Elven Halls.
 15690 | Orc:2    | Gained mutation: Armour fits poorly on your strangely
                  | shaped body. [a neqoxec]
 15820 | Orc:2    | Noticed Saint Roka
 15824 | Orc:2    | HP: 6/139 [Saint Roka/divine providence (11)]
 15825 | Orc:2    | Killed from afar by Saint Roka

Illustrated notes

Levels and vault maps discovered:
D:1:      evilmike_arrival_grusome_pit, layout_loops_cross,
          hellmonk_ecumenical_altar_dog_temple
D:2:      layout_basic, minmay_between
D:3:      layout_basic, marbit_many_paths, trog_book, serial_shops,
          nicolae_shop_behind_doors, minmay_fractal_squares_diagonal_5,
          uniq_crazy_yiuf_cottage, uniq_natasha
D:4:      layout_basic, grunt_decor_fettered
D:5:      layout_loops_ring, minmay_temple_entry_wispy, st_stairs_1,
          hangedman_decor_riveting
D:6:      layout_loops_corners, serial_shops, shop, minmay_crystal_water,
          wad_floor_pattern_2, minmay_door_square, nicolae_grassy_gnolls
D:7:      layout_loops_ring
D:8:      layout_basic, lemuel_crystal_altar, chequers_serial_rivers_room_a
D:9:      layout_basic, chequers_temple_overflow_statue_of_worship,
          serial_shops, shop_fountains, shop, shop, enter_bailey_5
D:10:     layout_layer_cave, lair_entry_dummy
D:11:     layout_loops_corners, minmay_hollow_rounded_squares
D:12:     dreamdust_cave_troll, layout_long_grid, orc_0_dummy
Temple:   lightli_temple_of_artemis
Lair:1:   layout_regular_city, lemuel_old_faithful
Lair:2:   layout_long_grid, minmay_swamp_entry_eels,
          nicolae_spider_entry_non_spiders, grunt_megastairs_2
Lair:3:   layout_gridlike
Lair:4:   minmay_lair_oklob_chamber, layout_long_grid, serial_bayou_ford_a,
          grunt_forest_large_clearing_hut
Lair:5:   layout_gridlike, slime_dummy, chequers_serial_rivers_small_a,
          hangedman_lair_generics_rect, uniq_urug
Lair:6:   cheibrodos_lair_end_hotspot, layout_gridlike, gauntlet_entry_generic,
          ice2_lemuel, uniq_josephine
Orc:1:    layout_diamond_mine, basic_altar
Orc:2:    grunt_orc_cross, layout_diamond_mine, lightli_church_of_beogh

Skill      XL: |  1  2  3  4  5  6  7  8  9 10 11 12 13 14 15 |
---------------+----------------------------------------------+-----
Fighting       | 3 4 5 6 7 8 9 10 11 | 11.0
Axes           | 3 4 5 6 8 10 11 13 14 16 17 | 17.6
Armour         | 4 5 6 7 8 9 10 11 12 13 | 13.0
Shields        | 4 5 6 7 8 10 11 12 13 | 13.1
Invocations    | 2 5 7 9 11 12 | 12.7

Action                   |  1- 3 |  4- 6 |  7- 9 | 10-12 | 13-15 || total
-------------------------+-------+-------+-------+-------+-------++-------
Melee: War axe           |   103 |   200 |   288 |   179 |       ||   770
       Broad axe         |       |       |       |   348 |   735 ||  1083
       Flail             |       |       |       |    16 |    37 ||    53
       Mace              |       |       |       |       |    50 ||    50
Invok: Lesser Servant of |       |       |       |     1 |       ||     1
       Greater Servant o |       |       |       |       |     2 ||     2
 Abil: Heal Wounds       |       |     2 |     7 |    28 |    28 ||    65
Evoke: Wand              |       |       |     1 |     4 |       ||     5
  Use: Scroll            |       |       |     9 |    12 |     5 ||    26
Armor: Scale mail        |    37 |    92 |    40 |       |       ||   169
       Plate armour      |       |       |    75 |   269 |   417 ||   761
Dodge: Dodged            |    90 |   136 |   144 |   226 |   275 ||   871
Block: Buckler           |    26 |    45 |    69 |    61 |       ||   201
       Tower shield      |       |       |       |   279 |   827 ||  1106

Table legend: (Time is in decaauts)
 A = Elapsed time spent in this place.
 B = Non-inter-level travel time spent in this place.
 C = Inter-level travel time spent in this place.
 D = Time resting spent in this place.
 E = Time spent auto-exploring this place.
 F = Levels seen in this place.
 G = Mean time per level.
                   A        B        C        D        E       F      G
               +--------+--------+--------+--------+--------+-----+--------+
         Total |  16111 |  15323 |    788 |      0 |  11036 |  22 |  732.3 |
       Dungeon |   9857 |   9318 |    539 |      0 |   7065 |  12 |  821.4 |
        Temple |     23 |     20 |      3 |      0 |      0 |   1 |   23.0 |
          Lair |   5286 |   5052 |    234 |      0 |   3456 |   6 |  881.0 |
  Orcish Mines |    779 |    767 |     12 |      0 |    490 |   2 |  389.5 |
        Bailey |    165 |    165 |      0 |      0 |     24 |   1 |  165.0 |
               +--------+--------+--------+--------+--------+-----+--------+

Top non-repeatable levels by time:
    D:11: 1236 daAuts
  Lair:6: 1215 daAuts
     D:3: 1149 daAuts
     D:6: 1015 daAuts
     D:4: 977 daAuts
  Lair:4: 936 daAuts
  Lair:5: 897 daAuts
     D:8: 760 daAuts
  Lair:3: 760 daAuts
     D:5: 758 daAuts
  Lair:2: 742 daAuts
  Lair:1: 732 daAuts
    D:10: 731 daAuts
     D:1: 723 daAuts
    D:12: 711 daAuts
